 Dungeon Crawl Stone Soup version 0.22-b1-21-g5cfc168 (webtiles) character file.

1007 dorian the Poker (level 8, -3/57 HPs)
             Began as a Merfolk Hunter on Aug 5, 2018.
             Slain by a killer bee (5 damage)
             ... on level 8 of the Dungeon.
             The game lasted 00:13:33 (4264 turns).

dorian the Poker (Merfolk Hunter)                   Turns: 4264, Time: 00:13:33

Health: -3/57      AC: 11    Str: 14    XL:     8   Next: 20%
Magic:  8/8        EV:  7    Int: 10    God:
Gold:   228        SH:  0    Dex: 15    Spells: 7/7 levels left

rFire    . . .     SeeInvis .   c - +1 halberd (venom)
rCold    . . .     Gourm    .   (shield currently unavailable)
rNeg     . . .     Faith    .   p - +0 chain mail
rPois    +         Spirit   .   t - +2 helmet
rElec    .         Reflect  .   (no cloak)
rCorr    .         Harm     .   (no gloves)
MR       .....                  (no boots)
Stlth    ..........             (no amulet)
HPRegen  0.19/turn              (no ring)
MPRegen  0.11/turn              D - ring of poison resistance

@: no status effects
A: change form in water, swift swim, stealthy swim
a: no special abilities


You were on level 8 of the Dungeon.
You were not hungry.

You visited 1 branch of the dungeon, and saw 6 of its levels.

You collected 228 gold pieces.

Inventory:

Hand Weapons
 c - a +1 halberd of venom (weapon)
 v - a cursed -2 short sword
 x - a +0 trident
 G - a +0 trident of pain
Armour
 b - a +0 leather armour
 p - a +0 chain mail (worn)
 t - a +2 helmet (worn)
 y - a +0 buckler
Jewellery
 w - a -3 ring of protection
 D - a ring of poison resistance (right hand)
Wands
 z - a wand of paralysis (7)
Scrolls
 e - 2 scrolls of remove curse
 h - 3 scrolls of teleportation
 j - a scroll of enchant weapon {unknown}
 l - 3 scrolls of identify {unknown}
 m - a scroll of magic mapping {unknown}
 u - a scroll of fear {unknown}
 A - a scroll of amnesia {unknown}
 B - a scroll of enchant armour {unknown}
Potions
 g - 4 potions of curing
 n - a potion of cancellation {unknown}
 o - 2 potions of lignification {unknown}
 q - a potion of haste {unknown}
 r - 2 potions of brilliance {unknown}
 s - a potion of might {unknown}
 C - a potion of heal wounds {unknown}
 E - 2 potions of invisibility {unknown}
 F - a potion of ambrosia {unknown}
Comestibles
 f - 9 rations
 i - a chunk of flesh


   Skills:
 - Level 2.5 Fighting
 + Level 7.6 Polearms
 + Level 6.9 Throwing
 + Level 0.5 Armour
 - Level 3.3 Dodging
 - Level 1.1 Stealth
 - Level 4.0 Shields


You had 7 spell levels left.
You didn't know any spells.
Your spell library contained the following spells:

 Spells                   Type           Power        Failure   Level  Hunger
 Spider Form              Tmut/Pois      #.........   100%        3    ####...
 Blade Hands              Tmut           #.........   100%        5    ######.
 Ice Form                 Ice/Tmut       #.......     100%        4    #####..
 Sticks to Snakes         Tmut           #.......     100%        2    ###....
 Beastly Appendage        Tmut           #.....       100%        1    ##.....


Dungeon Overview and Level Annotations

Branches:
Dungeon (5/15)
 Temple: D:4-7

Altars:
Ashenzari
Elyvilon
Hepliaklqana
Sif Muna
Trog
Uskayaw
Vehumet
Zin
The Shining One

Annotations:
D:3 2 transporters


Message History

You closely miss the killer bee.
The killer bee is almost dead.
The killer bee stings you but does no damage. x2
The killer bee stings you.
* * * LOW HITPOINT WARNING * * *
You miss the killer bee.
The killer bee is almost dead.
The killer bee stings you but does no damage.
The killer bee barely misses you.
You miss the killer bee.
The killer bee is almost dead.
The killer bee stings you!
* * * LOW HITPOINT WARNING * * *
The killer bee stings you but does no damage.
You miss the killer bee.
The killer bee is almost dead.
The killer bee stings you!
* * * LOW HITPOINT WARNING * * *
The killer bee stings you.
You die...

###### ###....####
##.........##
#@y.....(...##
#...†...(....#
#.......(....#
#....(.......# .
#............## ..
##.........y..#..#
###.............#
#####.(.......#
###......#


You could see a killer bee.

Vanquished Creatures
  Eustachio (D:4)
  2 ice beasts (D:5)
  An ogre (D:4)
  2 killer bees (D:8)
  A crimson imp (D:5)
  3 hounds
  A jelly (D:5)
  An orc wizard (D:3)
  An iguana (D:4)
  A worker ant (D:5)
  Terence (D:3)
  A hound zombie (D:5)
  4 adders
  5 gnolls
  A shadow imp (D:5)
  2 adder skeletons
  2 adder zombies
  3 worms (D:3)
  A dart slug (D:2)
  4 leopard geckos
  14 orcs
  2 ball pythons
  A bat zombie (D:2)
  6 giant cockroaches
  8 goblins
  8 hobgoblins
  8 jackals
  8 kobolds
  A ball python zombie (D:2)
  8 bats
  3 frilled lizards
  2 goblin skeletons (D:5)
  A goblin zombie (D:5)
  A hobgoblin zombie (D:5)
  A jackal zombie (D:5)
  2 leopard gecko skeletons (D:2)
  A leopard gecko zombie (D:2)
  3 orc skeletons (D:5)
  2 orc zombies (D:5)
  A quokka skeleton (D:5)
  A quokka zombie (D:2)
  12 rats
132 creatures vanquished.

Notes
Turn   | Place    | Note
-------+----------+-------------------------------------------
     0 | D:1      | dorian the Merfolk Hunter began the quest for the Orb.
     0 | D:1      | Reached XP level 1. HP: 16/16 MP: 1/1
   150 | D:1      | Reached XP level 2. HP: 23/23 MP: 2/2
   345 | D:1      | Reached skill level 1 in Polearms
   350 | D:1      | Reached XP level 3. HP: 23/28 MP: 3/3
  1040 | D:2      | Found a deep blue altar of Sif Muna.
  1151 | D:2      | Found a radiant altar of Vehumet.
  1165 | D:2      | Reached skill level 2 in Polearms
  1331 | D:2      | Reached XP level 4. HP: 31/34 MP: 4/4
  1381 | D:2      | Found a hazy altar of Hepliaklqana.
  1706 | D:2      | Reached skill level 3 in Polearms
  2297 | D:3      | Found a faded altar of an unknown god.
  2300 | D:3      | Found a transporter.
  2336 | D:3      | Found a transporter.
  2372 | D:3      | Reached skill level 5 in Throwing
  2380 | D:3      | Noticed Terence
  2389 | D:3      | Killed Terence
  2389 | D:3      | Reached XP level 5. HP: 29/39 MP: 5/5
  2441 | D:3      | Found a white marble altar of Elyvilon.
  2468 | D:2      | Reached skill level 4 in Polearms
  2686 | D:3      | Found a shattered altar of Ashenzari.
  2816 | D:3      | Reached skill level 1 in Shields
  2875 | D:3      | Reached XP level 6. HP: 32/46 MP: 6/6
  3006 | D:4      | Reached skill level 5 in Polearms
  3104 | D:4      | Found a hide-covered altar of Uskayaw.
  3104 | D:4      | Found a glowing silver altar of Zin.
  3242 | D:4      | Noticed Eustachio
  3248 | D:4      | Killed Eustachio
  3248 | D:4      | Reached XP level 7. HP: 51/51 MP: 7/7
  3254 | D:4      | Reached skill level 6 in Polearms
  3644 | D:5      | Entered Level 5 of the Dungeon
  3772 | D:5      | Found a glowing golden altar of the Shining One.
  4041 | D:5      | Reached skill level 7 in Polearms
  4130 | D:5      | Found a bloodstained altar of Trog.
  4188 | D:5      | Reached XP level 8. HP: 44/57 MP: 8/8
  4203 | D:5      | You fall through a shaft for 3 floors!
  4203 | D:8      | Noticed a queen bee
  4264 | D:8      | HP: 2/57 [killer bee (7)]
  4264 | D:8      | Slain by a killer bee

Skill      XL: |  1  2  3  4  5  6  7 |
---------------+----------------------+-----
Dodging        | 3 |  3.3
Polearms       | 1 2 3 4 5 7 |  7.6
Throwing       | 5 6 |  6.9
Shields        | 1 2 4 |  4.0
Fighting       | |  2.5
Armour         | |  0.5
Stealth        | |  1.1

Action                   |  1- 3 |  4- 6 |  7- 9 || total
-------------------------+-------+-------+-------++-------
Melee: Short sword       |    11 |       |       ||    11
       Spear             |   141 |    47 |       ||   188
       Trident           |       |   148 |       ||   148
       Halberd           |       |    73 |   124 ||   197
Throw: Javelin           |     6 |     7 |     8 ||    21
       Tomahawk          |       |     9 |    17 ||    26
       Throwing net      |       |     2 |     1 ||     3
Evoke: Wand              |       |     4 |       ||     4
  Use: Scroll            |       |       |     2 ||     2
       Potion            |       |       |     2 ||     2
 Stab: Sleeping          |     1 |       |       ||     1
       Paralysed         |       |    10 |       ||    10
       Held in net/web   |       |     1 |       ||     1
  Eat: Chunk             |     2 |     6 |     4 ||    12
Armor: Leather armour    |    10 |       |       ||    10
       Chain mail        |    74 |   172 |    86 ||   332
Dodge: Dodged            |    51 |    74 |    51 ||   176
Block: Buckler           |       |    12 |       ||    12
